Map: Dusty Gorge

Players

MonstroTown

  • Race: Terran Terran
  • Spawn Location: 5:00

Michael

  • Race: Zerg Zerg
  • League: Platinum
  • Spawn Location: 3:00

llllllllllll - Winner!

  • Race: Zerg Zerg
  • Spawn Location: 9:00

Master - Winner!

  • Race: Protoss Protoss
  • League: Platinum
  • Spawn Location: 11:00

VOD

Have the link to the VOD?

Description

Time

  • Played on: Oct. 7, 2018, 9:40 a.m.
  • Length: 9:41
Show
View Real Time Build Order
Export as new Build Order

MonstroTown Terran 

Build Orders:  

Get SALT Encoding   

  12  0:01  SCV  
  13  0:13  SCV  
  14  0:20  Supply Depot  
  14  0:25  SCV  
  15  0:41  SCV  
  16  0:43  Barracks  
  16  0:49  Refinery  
  16  0:53  SCV  
  17  1:05  Barracks  
  17  1:06  SCV  
  19  1:30  Orbital Command  
  19  1:32  Reaper  
  19  1:49  Supply Depot  
  19  1:53  Reaper  
  20  1:57  SCV  
  21  2:09  Reaper  
  22  2:18  Command Center  
  22  2:22  SCV  
  23  2:30  Reaper  
  23  2:34  SCV  
  23  2:35  Refinery  
  24  2:50  Reaper  
  25  2:53  SCV  
  23  3:07  Engineering Bay x2  
  23  3:18  Factory  
  23  3:19  Barracks  
  23  3:27  Barracks Tech Lab  
  23  3:30  Marine  
  24  3:38  Terran Infantry Weapons Level 1  
  24  3:39  SCV  
  25  3:53  Marine  
  26  3:58  Orbital Command  
  26  4:00  SCV  
  27  4:07  Marauder  
  27  4:11  Missile Turret  
  27  4:14  Missile Turret  
  27  4:16  SCV  
  27  4:21  Factory Tech Lab  
  27  4:43  Marine  
  30  4:46  Marauder  
  30  4:47  Widow Mine  
  31  4:53  Starport  
  30  5:01  Marine  
  30  5:06  SCV x2  
  33  5:12  Terran Infantry Armor Level 1  
  33  5:14  Marine  
  33  5:16  Barracks Reactor  
  33  5:19  Widow Mine  
  33  5:37  Marine  
  33  5:38  Marine  
  33  5:40  Viking  
  35  5:55  Marine x2  
  37  5:59  Marine x2  
  36  6:11  Widow Mine  
  36  6:13  Marine x2  
  36  6:17  Marine  
  39  6:44  Widow Mine, Medivac  
  39  6:45  Marine x2  
  45  6:50  SCV  
  46  7:06  Supply Depot  
  46  7:09  Supply Depot  
  46  7:18  Supply Depot  
  46  7:27  Marine x4  
  46  7:28  Siege Tank, SCV  
  54  7:45  Marine x4  
  54  7:48  Barracks  
  54  7:50  Barracks  
  58  8:00  Starport Reactor  
  58  8:05  Marine x2  
  58  8:08  Barracks Reactor  
  58  8:29  Marine x3  
  61  8:36  Supply Depot  
  61  8:37  Supply Depot  
  61  8:39  Command Center  
  61  8:43  Barracks, Marine x2  
  61  8:44  Barracks  
  61  8:46  Marine  
  61  8:47  Marine x2  
  66  8:50  Marine x2  
  66  8:54  SCV x2  
  70  9:00  Marine  
  70  9:01  Marine  
  72  9:04  Marine  
  73  9:19  Marine x5  
  73  9:20  Marine  
  73  9:22  Marine  
Show
View Real Time Build Order
Export as new Build Order

Michael Zerg 

Build Orders: Pool First 

Get SALT Encoding   

  12  0:00  Drone  
  13  0:12  Overlord  
  13  0:18  Drone  
  14  0:31  Drone x2  
  14  0:35  Drone  
  17  0:43  Extractor  
  17  0:45  Drone  
  17  0:52  Spawning Pool  
  17  0:56  Drone  
  17  1:07  Drone  
  18  1:26  Hatchery  
  18  1:30  Drone x2  
  19  1:40  Queen  
  21  1:48  Zergling x2  
  21  1:54  Overlord  
  22  2:02  Metabolic Boost  
  22  2:16  Queen  
  22  2:21  Zergling x4  
  26  2:35  Zergling x4  
  28  2:38  Zergling x2  
  27  3:04  Drone  
  27  3:05  Drone x4  
  31  3:15  Spine Crawler  
  31  3:17  Drone, Baneling Nest  
  30  3:20  Zergling x8  
  34  3:30  Queen  
  36  3:41  Lair  
  36  3:45  Overlord  
  36  3:56  Overlord  
  36  4:04  Baneling x2  
  36  4:05  Baneling x2  
  36  4:06  Baneling x2  
  36  4:07  Zergling x2  
  36  4:08  Zergling x4  
  22  4:33  Zergling x10  
  22  4:35  Zergling x2  
  28  4:48  Spore Crawler  
  28  4:51  Spore Crawler  
  23  5:06  Zergling x10  
  24  5:15  Spine Crawler  
  22  5:28  Zergling x4  
  12  5:39  Zergling x2  
  11  5:50  Baneling  
  11  5:55  Baneling  
  10  6:04  Spawning Pool  
  6  6:18  Drone  
  4  6:30  Drone  
  5  6:33  Drone x4  
  5  6:34  Drone x2  
  11  6:46  Drone  
  12  6:51  Drone  
  13  6:57  Drone  
  14  7:05  Drone  
  14  7:06  Drone  
  16  7:24  Spore Crawler x2  
  8  7:33  Drone  
  9  7:38  Drone  
  10  7:46  Drone  
  10  7:50  Queen  
  13  7:53  Overlord  
  13  7:57  Drone  
  13  8:29  Drone x2  
  13  8:34  Drone  
  16  8:36  Hatchery  
  15  8:42  Drone  
  16  8:53  Overlord  
  16  9:02  Overlord  
  16  9:11  Overlord  
  16  9:16  Drone x2  
Show
View Real Time Build Order
Export as new Build Order

llllllllllll Zerg - Winner!

Build Orders: Pool First, Muta Ling Bane, Zergling Baneling 

Get SALT Encoding   

  12  0:01  Drone  
  13  0:14  Overlord  
  13  0:20  Drone  
  14  0:32  Drone x2  
  16  0:38  Drone  
  17  0:43  Extractor  
  16  0:53  Spawning Pool, Drone  
  16  0:57  Drone  
  17  1:09  Drone  
  18  1:28  Hatchery  
  17  1:33  Overlord  
  17  1:40  Zergling x2  
  17  1:44  Metabolic Boost  
  18  1:52  Queen  
  20  1:56  Zergling x2  
  21  2:02  Zergling x2  
  21  2:08  Drone  
  23  2:20  Baneling Nest  
  22  2:23  Zergling x2  
  22  2:25  Zergling x2  
  24  2:34  Zergling x2  
  25  2:41  Queen, Zergling x2  
  28  2:46  Zergling x2  
  29  2:52  Zergling x2  
  29  2:58  Overlord  
  29  3:07  Drone  
  29  3:08  Baneling x3  
  30  3:13  Drone  
  30  3:16  Drone x3  
  34  3:23  Baneling x2  
  34  3:25  Drone  
  35  3:31  Overlord  
  35  3:33  Zergling x2  
  36  3:42  Zergling x4  
  36  3:43  Zergling x2  
  36  3:45  Baneling x3  
  39  3:52  Spine Crawler  
  39  3:55  Drone  
  39  3:56  Drone  
  40  4:04  Drone x2  
  42  4:13  Baneling  
  42  4:22  Zergling x2  
  42  4:23  Zergling x12  
  40  4:32  Zergling x4  
  40  4:33  Zergling x4, Baneling  
  40  4:34  Baneling x2  
  43  4:39  Zergling x6  
  46  4:46  Overlord  
  46  4:51  Zergling x6  
  48  4:57  Baneling x2  
  48  5:08  Drone x4  
  52  5:14  Zergling x2  
  52  5:15  Zergling x2  
  53  5:22  Hatchery  
  48  5:29  Zergling x10  
  48  5:34  Queen  
  53  5:39  Zergling x2  
  53  5:40  Zergling x6  
  57  5:45  Zergling x2  
  57  6:00  Zergling x6  
  59  6:10  Drone  
  49  6:30  Drone x2  
  49  6:31  Drone x3  
  49  6:32  Lair  
  54  6:34  Extractor  
  54  6:38  Drone  
  54  6:39  Drone x6  
  60  6:53  Hatchery  
  59  6:54  Drone  
  59  6:55  Overlord x2  
  60  7:03  Drone  
  60  7:04  Drone x5  
  66  7:10  Extractor x2  
  64  7:19  Drone x4  
  64  7:22  Extractor  
  67  7:23  Extractor  
  67  7:24  Drone x3  
  67  7:26  Baneling x3  
  67  7:28  Drone  
  70  7:31  Spire  
  70  7:32  Drone  
  70  7:33  Drone  
  71  7:38  Drone x3  
  74  7:44  Drone  
  74  7:45  Drone  
  74  7:46  Drone x2  
  74  7:51  Centrifical Hooks  
  78  7:52  Overlord x3  
  78  7:53  Queen, Spine Crawler x2  
  78  7:56  Drone x2  
  78  7:57  Zergling x4  
  82  8:03  Spore Crawler  
  81  8:06  Zergling x6  
  81  8:07  Zergling x2  
  81  8:10  Overlord  
  85  8:17  Overlord x2  
  85  8:18  Overlord x2  
  85  8:21  Drone x2  
  87  8:31  Overlord  
  87  8:45  Mutalisk x3  
  87  8:46  Mutalisk x5  
  103  8:49  Mutalisk  
  103  8:54  Mutalisk  
  107  8:59  Hatchery  
  106  9:03  Overlord x3  
  106  9:05  Mutalisk  
  106  9:06  Spine Crawler x3  
  106  9:09  Mutalisk  
  105  9:14  Mutalisk  
  109  9:20  Zergling x18  
  109  9:21  Baneling x2  
  109  9:22  Baneling x3  
  118  9:26  Overseer  
  127  9:32  Extractor  
  127  9:33  Extractor  
  127  9:35  Hatchery  
Show
View Real Time Build Order
Export as new Build Order

Master Protoss - Winner!

Build Orders: 1 Gate Expand, Oracle Opening, Phoenix Opening 

Get SALT Encoding   

  12  0:00  Probe  
  13  0:13  Probe  
  14  0:20  Pylon  
  14  0:25  Probe  
  15  0:34  Probe  
  15  0:41  Gateway  
  16  0:43  Probe  
  16  0:49  Assimilator  
  17  0:54  Probe  
  18  1:06  Probe  
  19  1:18  Probe  
  20  1:27  Nexus  
  20  1:41  Cybernetics Core  
  20  1:46  Zealot  
  22  1:51  Assimilator  
  22  1:55  Pylon  
  22  1:57  Probe  
  23  2:12  Adept  
  23  2:13  Probe  
  26  2:25  Probe  
  27  2:32  Stargate  
  27  2:37  Probe  
  27  2:43  Adept  
  30  2:45  Probe  
  30  2:49  Probe  
  31  2:57  Probe  
  32  3:01  Probe  
  31  3:06  Oracle  
  31  3:10  Probe  
  31  3:11  Assimilator  
  31  3:12  Probe  
  32  3:18  Probe  
  36  3:20  Probe  
  36  3:26  Probe  
  38  3:28  Probe  
  38  3:30  Stargate  
  40  3:36  Probe, Pylon  
  40  3:40  Probe  
  42  3:47  Phoenix  
  42  3:48  Probe  
  45  3:52  Probe  
  46  3:58  Pylon  
  46  4:00  Probe  
  46  4:02  Assimilator  
  47  4:07  Probe  
  48  4:12  Probe  
  49  4:17  Phoenix  
  49  4:18  Phoenix  
  49  4:20  Probe  
  54  4:24  Probe  
  54  4:27  Pylon  
  55  4:38  Probe  
  56  4:42  Phoenix  
  56  4:43  Phoenix  
  60  4:51  Probe x2  
  62  4:54  Forge  
  62  4:58  Pylon  
  62  5:07  Phoenix  
  62  5:08  Phoenix  
  66  5:21  Nexus  
  66  5:32  Phoenix  
  65  5:43  Phoenix  
  65  5:44  Probe x2  
  65  5:47  Pylon  
  69  5:52  Pylon  
  69  5:56  Probe  
  69  5:57  Probe, Phoenix  
  71  6:06  Phoenix  
  71  6:08  Probe x2  
  71  6:11  Protoss Shields Level 1  
  73  6:13  Protoss Air Weapons Level 1  
  73  6:16  Probe x2, Phoenix  
  73  6:23  Phoenix  
  73  6:24  Probe  
  73  6:25  Probe  
  79  6:35  Probe x2  
  79  6:36  Probe  
  79  6:37  Phoenix  
  84  6:47  Probe x2  
  84  6:48  Probe, Phoenix  
  84  6:52  Assimilator  
  84  6:53  Assimilator  
  89  6:58  Fleet Beacon  
  89  6:59  Probe x2  
  91  7:01  Probe  
  91  7:02  Phoenix  
  94  7:09  Pylon  
  94  7:11  Probe x2  
  94  7:14  Probe  
  99  7:16  Pylon  
  99  7:23  Probe  
  99  7:27  Carrier x2  
  100  7:35  Probe x3  
  101  7:50  Graviton Catapult  
  113  8:03  Stargate  
  113  8:05  Stargate  
  113  8:08  Probe  
  113  8:09  Probe x2  
  116  8:15  Twilight Council, Cybernetics Core  
  116  8:18  Nexus  
  116  8:20  Probe  
  116  8:21  Probe x2  
  116  8:22  Nexus  
  119  8:31  Pylon  
  119  8:33  Probe  
  120  8:35  Pylon x3  
  120  8:51  Probe x3  
  120  8:52  Nexus  
  135  9:03  Probe x3  
  138  9:15  Probe x3  
Tags
 
Add a new tag
Caveats
  • Supply blocks, unpowered buildings, or Contaminate may cause inaccurate times.
  • Supply counts are checked every 10 seconds.